 Dungeon Crawl Stone Soup version 0.29-a0-369-gd956c00756 (webtiles) character file.

Game seed: 5966795689135206160

3576 freelancePsychic the Cleaver (level 10, -2/80 HPs)
             Began as a Formicid Artificer on May 1, 2022.
             Was a Priest of Okawaru.
             Slain by a troll (7 damage)
             ... on level 8 of the Dungeon.
             The game lasted 00:16:57 (9785 turns).

freelancePsychic the Cleaver (Formicid Artificer)   Turns: 9785, Time: 00:16:57

Health: -2/80      AC:  9    Str: 21    XL:     10   Next: 31%
Magic:  4/4        EV: 13    Int: 17    God:    Okawaru [***...]
Gold:   229        SH:  0    Dex: 15    Spells: 9/9 levels left

rFire   . . .      SeeInvis +   a - +7 war axe of Responsibility {antimagic, rCorr Dex+4}
rCold   . . .      Faith    .   (no shield)
rNeg    . . .      Spirit   .   i - +0 ring mail
rPois   .          Reflect  .   (helmet unavailable)
rElec   .          Harm     .   s - +1 cloak
rCorr   +          Rampage  .   (no gloves)
Will    +....                   (no boots)
Stlth   +++.......              m - amulet of magic regeneration
HPRegen 0.23/turn               g - +6 ring of intelligence
MPRegen 0.49/turn               (no ring)

@: heroic
A: permanent stasis, dig shafts and tunnels, antennae 3, four strong arms
a: Dig, Shaft Self, Renounce Religion, Heroism


You were on level 8 of the Dungeon.
You worshipped Okawaru.
Okawaru was most pleased with you.
You visited 2 branches of the dungeon, and saw 9 of its levels.

You collected 390 gold pieces.
You spent 161 gold pieces at shops.

Inventory:

Hand Weapons
 a - the +7 war axe of Responsibility (weapon) {antimagic, rCorr Dex+4}
   (You bought it in a shop on level 2 of the Dungeon)

   It reduces the magical energy of the wielder, and disrupts the spells and
   magical abilities of those it strikes.
   Natural abilities and divine invocations are not affected.
   Dex:       It affects your dexterity (+4).
   rCorr:     It protects you from acid and corrosion.
 b - the +11 whip of Deflation {vorpal, +Blink Dex+4}
   (You took it off a gnoll on level 7 of the Dungeon)

   It inflicts extra damage upon your enemies.
   Dex:       It affects your dexterity (+4).
   +Blink:    It lets you blink.
Missiles
 e - 2 throwing nets
Armour
 d - a +0 leather armour
 i - a +0 ring mail (worn)
 s - a +1 cloak (worn)
Jewellery
 g - a +6 ring of intelligence (left hand)
 m - an amulet of magic regeneration (around neck)
 B - an amulet of guardian spirit
Wands
 l - a wand of paralysis (6)
 x - a wand of flame (13)
 y - a wand of polymorph (9)
Scrolls
 h - a scroll of enchant weapon
 n - a scroll of silence
 v - a scroll of immolation
 A - a scroll of identify {@r1}
Potions
 c - a potion of attraction {unknown}
 j - a potion of degeneration {unknown}
 k - 3 potions of curing {@q1}
 o - 2 potions of brilliance
 p - a potion of lignification {unknown}
 q - 3 potions of magic
 r - 2 potions of flight {unknown}
 t - a potion of might {unknown}
 u - 3 potions of ambrosia {unknown}
 w - 2 potions of resistance {unknown}
 z - a potion of cancellation {unknown}


   Skills:
 + Level 8.2(13.2) Fighting
 * Level 10.3(15.3) Axes
 - Level 1.1(11.5) Maces & Flails
 - Level 4.8(9.8) Armour
 - Level 0.8(5.8) Dodging
 - Level 2.1(7.1) Stealth
 + Level 3.3 Invocations
 - Level 4.5 Evocations


You had 9 spell levels left.
You didn't know any spells.
Your spell library contained the following spells:

 Spells                   Type           Power      Damage    Failure   Level
 Gell's Gravitas          Tloc           0%         N/A       71%         3
 Teleport Other           Tloc           0%         N/A       71%         3
 Dispersal                Tloc           0%         N/A       100%        6
 Orb of Destruction       Conj           0%         9d5       100%        7
 Summon Guardian Golem    Hex/Summ       Unusable   N/A       N/A         3
 Spellforged Servitor     Conj/Summ      Unusable   N/A       N/A         7

Dungeon Overview and Level Annotations

Branches:
Dungeon (8/15)             Temple (1/1) D:4
   Lair: D:8-11

Altars:
Ashenzari
Fedhas
Gozag
Hepliaklqana
Kikubaaqudgha
Makhleb
Nemelex Xobeh
Okawaru
Qazlal
Ru
Trog
Vehumet
Wu Jian
Xom
Yredelemnul
Zin
The Shining One

Shops:
D:2 (((*!


Innate Abilities, Weirdness & Mutations

You cannot be hasted, slowed, berserked, paralysed or teleported.
You can dig through walls and to a lower floor.
You have a pair of large antennae on your head. (SInv)
Your four strong arms can wield two-handed weapons with a shield.


Message History

The troll closely misses you. The troll claws you.
* * * LOW HITPOINT WARNING * * *
You feel much better. The troll bites you but does no damage.
The troll claws you! The troll claws you but does no damage.
You feel much better. The troll completely misses you.
The troll closely misses you. The troll claws you but does no damage.
You slice the troll!!
The troll is almost dead.
You closely miss the troll.
The troll is almost dead.
The troll closely misses you. The troll claws you! x2
* * * LOW HITPOINT WARNING * * *
You hit the troll.
The troll is almost dead.
The troll bites you!
* * * LOW HITPOINT WARNING * * *
The troll closely misses you. The troll completely misses you.
You hit the troll but do no damage.
The troll is almost dead.
The troll closely misses you. The troll claws you.
* * * LOW HITPOINT WARNING * * *
The troll barely misses you.
You feel much better. The troll bites you. The troll misses you.
The troll barely misses you.
You hit the troll but do no damage. You punch the troll, but do no damage.
The troll is almost dead.
Aiming: Paralyse
Press: ? - help, Shift-Dir - straight line, f - troll
Aim: a troll (almost dead, chance to affect: 61%)
The troll resists with significant effort.
The troll bites you!
* * * LOW HITPOINT WARNING * * *
The troll claws you!
* * * LOW HITPOINT WARNING * * *
The troll claws you but does no damage.
Okay, then.
You closely miss the troll.
The troll is almost dead.
The troll closely misses you. The troll claws you!
You die...

≈.≈≈..≈≈.......
[≈......≈......
.............########
######...####....#..
#....>...........#..
#................'..
#................#..
###T#########...##..
#@##....#####'#...
#.............+...
#.............#...
#.............#...
#.............#...
#.......##....#...
#.......##....#...
#.......##.>..#...
##########....#...


You could see a troll.

Vanquished Creatures
  Pikel (D:8)
  A water moccasin (D:7)
  3 ice beasts
  3 sky beasts
  An orc warrior (D:7)
  2 black bears
  An ogre (D:6)
  A wolf (D:8)
  A centaur (D:5)
  3 lemures (D:8)
  2 phantoms
  Blork the orc (D:6)
  A necrophage (D:8)
  2 scorpions
  3 bullfrogs
  8 wights
  An electric eel (D:8)
  A gnoll shaman (D:7)
  4 hounds
  5 orc priests
  A jelly (D:5)
  3 iguanas
  Ijyb (D:3)
  5 orc wizards
  12 gnolls
  5 adders
  2 shadow imps
  3 white imps
  2 ufetubi
  A worm (D:2)
  A dart slug (D:1)
  31 orcs
  7 ball pythons
  7 bats
  11 endoplasms
  4 giant cockroaches
  4 jackals (D:2)
  8 quokkas
  5 frilled lizards
  17 goblins
  6 kobolds
  4 rats
185 creatures vanquished.

Vanquished Creatures (others)
  A fungus (D:1)
1 creature vanquished.

Grand Total: 186 creatures vanquished

Notes
Turn   | Place    | Note
-------+----------+-------------------------------------------
     0 | D:1      | freelancePsychic the Formicid Artificer began the quest for
                  | the Orb.
     0 | D:1      | Reached XP level 1. HP: 15/15 MP: 1/1
   270 | D:1      | Reached XP level 2. HP: 15/21 MP: 2/2
   719 | D:1      | Reached XP level 3. HP: 25/27 MP: 3/3
   824 | D:1      | You fall into a shaft and drop 1 floor!
  1183 | D:2      | Reached skill level 1 in Maces & Flails
  1228 | D:2      | Found Enamuer's Assorted Antiques.
  1243 | D:2      | Found Puutic's Weapon Boutique.
  1355 | D:2      | Found Sielex's Weapon Boutique.
  1500 | D:2      | Found Cirghegg's Antique Weapon Shoppe.
  1673 | D:2      | Reached XP level 4. HP: 33/33 MP: 4/4
  1674 | D:2      | Found Pylusuc's Distillery.
  2522 | D:3      | Noticed Ijyb
  2544 | D:2      | Reached skill level 1 in Axes
  2580 | D:3      | Killed Ijyb
  2789 | D:3      | Reached XP level 5. HP: 31/39 MP: 5/5
  3091 | D:3      | Reached skill level 2 in Axes
  3727 | D:3      | Reached XP level 6. HP: 44/47 MP: 6/6
  3751 | D:4      | Reached skill level 3 in Axes
  3852 | D:4      | Found a staircase to the Ecumenical Temple.
  3868 | Temple   | Entered the Ecumenical Temple
  3916 | Temple   | Became a worshipper of Warmaster Okawaru
  3946 | D:4      | Noticed an ice beast
  3977 | D:4      | Killed an ice beast
  3978 | D:4      | Reached skill level 1 in Invocations
  4713 | D:4      | Reached XP level 7. HP: 45/53 MP: 8/8
  4796 | D:5      | Entered Level 5 of the Dungeon
  4917 | D:5      | Reached skill level 4 in Axes
  5597 | D:6      | Noticed Blork the orc
  5615 | D:5      | Reached * piety under Okawaru
  5705 | D:5      | Reached skill level 5 in Axes
  5990 | D:5      | Found a sacrificial altar of Ru.
  6019 | D:5      | Reached XP level 8. HP: 19/61 MP: 8/10
  6297 | D:5      | Reached skill level 5 in Fighting
  6297 | D:5      | Reached skill level 6 in Axes
  6596 | D:2      | Bought an ancient war axe for 161 gold pieces
  6596 | D:2      | Identified the +7 war axe of Responsibility {antimagic,
                  | rCorr Dex+4} (You bought it in a shop on level 2 of the
                  | Dungeon)
  6663 | D:6      | Killed Blork the orc
  6779 | D:6      | Reached ** piety under Okawaru
  6863 | D:6      | Reached skill level 7 in Axes
  6947 | D:6      | Reached XP level 9. HP: 69/69 MP: 3/11
  7027 | D:6      | Identified the +0 chain mail "Jayxak" {Str+5}
  7342 | D:6      | Reached skill level 8 in Axes
  8026 | D:7      | Reached *** piety under Okawaru
  8159 | D:7      | Reached skill level 9 in Axes
  8172 | D:7      | Identified the -3 buckler of the Insatiable Demons {rN+}
  8208 | D:7      | Identified the +11 whip of Deflation {vorpal, +Blink Dex+4}
  9010 | D:7      | Reached XP level 10. HP: 76/80 MP: 4/12
  9528 | D:8      | Noticed Pikel
  9554 | D:8      | Killed Pikel
  9555 | D:8      | Reached skill level 10 in Axes
  9785 | D:8      | Slain by a troll

Illustrated notes

Levels and vault maps discovered:
D:1:      dpeg_arrival_signposts, layout_loops_ring,
          shapermc_ecumenical_altar_acropolis, chequers_serial_rivers_small_b
D:2:      layout_basic, serial_shops, nicolae_shop_bloodbath_and_beyond,
          nicolae_shop_hallway_stairs, nicolae_shop_waterfront,
          nicolae_shop_behind_doors, shop_statue, minmay_statues_item,
          dk_noncrumbling_3, palyth_stone_intersect
D:3:      kennysheep_the_goblin_king, layout_rooms
D:4:      layout_layer_cave, minmay_temple_entry_drinking_statues
D:5:      layout_basic, nicolae_ru_awakened_eye
D:6:      layout_gridville, uniq_blork_the_orc
D:7:      layout_basic
D:8:      layout_gridville, erik_lair_island, uniq_pikel
Temple:   compressed_dpeg_circular_temple

Skill      XL: |  1  2  3  4  5  6  7  8  9 10 |
---------------+-------------------------------+-----
Stealth        | 2 |  2.1
Fighting       | 2 3 4 6 7 8 |  8.2
Maces & Flails | 1 |  1.1
Axes           | 1 2 3 5 7 9 10 | 10.3
Evocations     | 4 |  4.5
Invocations    | 1 3 |  3.3
Armour         | 3 4 |  4.8
Dodging        | |  0.8

Action                   |  1- 3 |  4- 6 |  7- 9 | 10-12 || total
-------------------------+-------+-------+-------+-------++-------
Melee: Club              |    32 |       |       |       ||    32
       Punch             |     1 |     1 |       |     3 ||     5
       Mace              |    71 |   194 |    18 |       ||   283
       War axe           |       |       |   206 |    60 ||   266
Invok: Heroism           |       |       |     4 |     3 ||     7
 Abil: Dig               |       |     1 |       |       ||     1
Evoke: Wand              |     3 |    11 |    13 |     2 ||    29
  Use: Scroll            |       |     2 |    10 |       ||    12
       Potion            |       |       |     2 |     3 ||     5
 Stab: Sleeping          |     2 |       |     3 |       ||     5
       Paralysed         |       |     6 |       |       ||     6
Armor: Leather armour    |    20 |       |       |       ||    20
       Ring mail         |    20 |    86 |    94 |    18 ||   218
Dodge: Dodged            |    74 |   120 |   171 |    45 ||   410

Table legend: (Time is in decaauts)
 A = Elapsed time spent in this place.
 B = Non-inter-level travel time spent in this place.
 C = Inter-level travel time spent in this place.
 D = Time resting spent in this place.
 E = Time spent auto-exploring this place.
 F = Levels seen in this place.
 G = Mean time per level.
                   A        B        C        D        E       F      G
               +--------+--------+--------+--------+--------+-----+--------+
         Total |   9914 |   9651 |    263 |   1133 |   6792 |   9 | 1101.6 |
       Dungeon |   9855 |   9601 |    254 |   1133 |   6777 |   8 | 1231.9 |
        Temple |     58 |     49 |      9 |      0 |     15 |   1 |   58.0 |
               +--------+--------+--------+--------+--------+-----+--------+

Top non-repeatable levels by time:
     D:4: 1843 daAuts
     D:2: 1789 daAuts
     D:7: 1704 daAuts
     D:5: 1347 daAuts
     D:6: 1042 daAuts
     D:3: 880 daAuts
     D:1: 847 daAuts
     D:8: 400 daAuts
  Temple: 58 daAuts
